 Dungeon Crawl Stone Soup version 0.28-a0-802-g09f76e8c00 (webtiles) character file.

Game seed: 381343365850990049

123 rogsnak the Magician (level 5, -6/37 HPs)
             Began as a Gnoll Hedge Wizard on Nov 7, 2021.
             Killed from afar by a gnoll (18 damage)
             ... with a bolt of acid
             ... on level 3 of the Dungeon.
             The game lasted 00:06:16 (3284 turns).

rogsnak the Magician (Gnoll Hedge Wizard)           Turns: 3284, Time: 00:06:17

Health: -6/37      AC:  6    Str:  9    XL:     5   Next: 7%
Magic:  6/14       EV: 13    Int: 14    God:
Gold:   186        SH:  0    Dex: 12    Spells: 12/18 levels left

rFire   . . .      SeeInvis .   z - +2 spear (venom)
rCold   . . .      Faith    .   (no shield)
rNeg    . . .      Spirit   .   b - +0 robe
rPois   .          Reflect  .   r - +2 hat
rElec   .          Harm     .   (no cloak)
rCorr   .          Rampage  .   (no gloves)
Will    .....                   h - +1 pair of boots
Stlth   +++.......              (no amulet)
HPRegen 0.12/turn               (no ring)
MPRegen 0.14/turn               (no ring)

@: mighty
A: fangs 1, strong nose, distributed training
a: no special abilities


You were on level 3 of the Dungeon.
You visited 1 branch of the dungeon, and saw 4 of its levels.

You collected 186 gold pieces.

Inventory:

Hand Weapons
 a - a +0 dagger
 e - a +0 club
 i - a +0 spear
 l - a +3 short sword
 u - a +0 hunting sling
 z - a +2 spear of venom (weapon)
Missiles
 f - 3 silver javelins
 g - 78 arrows
 m - 6 atropa-tipped darts
 p - 15 poisoned darts
Armour
 b - a +0 robe (worn)
 c - a +0 hat
 h - a +1 pair of boots (worn)
 r - a +2 hat (worn)
Wands
 x - a wand of flame (13)
Scrolls
 n - 4 scrolls of identify {unknown}
 o - a scroll of fog {unknown}
 q - a scroll of noise {unknown}
 t - 2 scrolls of teleportation {unknown}
 v - a scroll of summoning {unknown}
 w - a scroll of vulnerability {unknown}
 y - a scroll of enchant armour {unknown}
Potions
 j - a potion of curing
 k - 2 potions of degeneration {unknown}
 s - a potion of flight {unknown}


   Skills:
 + Level 1.3 Fighting
 + Level 1.3 Short Blades
 + Level 1.3 Long Blades
 + Level 1.3 Axes
 + Level 1.3 Maces & Flails
 + Level 1.3 Polearms
 + Level 1.3 Staves
 + Level 1.3 Slings
 + Level 1.3 Bows
 + Level 1.3 Crossbows
 + Level 1.3 Throwing
 + Level 1.3 Armour
 + Level 4.7 Dodging
 + Level 4.3 Stealth
 + Level 1.3 Shields
 + Level 1.3 Unarmed Combat
 + Level 7.2 Spellcasting
 + Level 2.3 Conjurations
 + Level 1.1 Hexes
 + Level 2.3 Summonings
 + Level 1.1 Necromancy
 + Level 2.3 Translocations
 + Level 1.1 Transmutations
 + Level 1.1 Fire Magic
 + Level 1.1 Ice Magic
 + Level 1.1 Air Magic
 + Level 1.1 Earth Magic
 + Level 1.1 Poison Magic
 + Level 1.5 Invocations
 + Level 1.3 Evocations


You had 12 spell levels left.
You knew the following spells:

 Your Spells              Type           Power      Damage    Failure   Level
a - Magic Dart            Conj           44%        1d5       5%          1
b - Blink                 Tloc           22%        N/A       8%          2
c - Mephitic Cloud        Conj/Pois/Air  9%         N/A       22%         3

Your spell library contained the following spells:

 Spells                   Type           Power      Damage    Failure   Level
 Call Imp                 Summ           11%        N/A       8%          2
 Pain                     Necr           32%        1d5       9%          1
 Slow                     Hex            32%        N/A       9%          1
 Corpse Rot               Necr/Air       16%        N/A       13%         2
 Poisonous Vapours        Pois/Air       16%        N/A       13%         2
 Conjure Flame            Conj/Fire      9%         6-21      21%         3
 Agony                    Necr           8%         N/A       94%         5
 Excruciating Wounds      Necr           4%         N/A       94%         5


Dungeon Overview and Level Annotations

Branches:
Dungeon (4/15)
 Temple: D:4-7

Altars:

Annotations:
D:3 1 transporter, flotson's ghost, weakling DsDe


Innate Abilities, Weirdness & Mutations

You have very sharp teeth.
Your uncanny sense of smell can sniff out nearby items.
Your experience applies equally to all skills.


Message History

The spell is quite dangerous to cast (22% risk of failure)!
Continue anyway?
Aiming: Mephitic Cloud (quite dangerous; 22% risk of failure)
Press: ? - help, Shift-Dir - straight line, f - gnoll sergeant
Aim: a gnoll sergeant, wielding a +1 vampiric spear, wearing the +2 ring mail of Bauwog {Str+6 Stlth-} and wearing a +0 buckler (chance to affect: 81%)
The ball explodes into a vile cloud!
The stinking cloud engulfs the gnoll sergeant but does no damage.
The stinking cloud engulfs the plant but does no damage. x2
The gnoll sergeant is engulfed in noxious fumes.
The gnoll sergeant appears confused.
Unknown command.
Unknown command.
Unknown command.
You hit the gnoll sergeant but do no damage.
The gnoll sergeant is poisoned.
You bite the gnoll sergeant, but do no damage.
The gnoll sergeant is lightly wounded.
The gnoll sergeant is engulfed in noxious fumes.
The gnoll sergeant appears confused.
The gnoll sergeant hits the plant with a +1 vampiric spear.
The plant begins to die.
The gnoll hits you with a +0 club.
Unknown command.
The gnoll sergeant is engulfed in noxious fumes.
The gnoll sergeant appears confused.
The gnoll sergeant hits the plant with a +1 vampiric spear!
The plant begins to die.
The gnoll closely misses you.
The gnoll zaps a wand.
The bolt of acid hits you!!
Ouch! That really hurt!
* * * LOW HITPOINT WARNING * * *
There is a fountain of clear blue water here.
Unknown command.
It was a potion of might.
You feel very mighty all of a sudden.
The gnoll sergeant is engulfed in noxious fumes.
The gnoll sergeant appears confused.
The gnoll closely misses you. The gnoll barely misses you.
It was a potion of curing.
You feel better.
The gnoll sergeant laughs at nothing.
The gnoll sergeant hits the plant with a +1 vampiric spear!
The gnoll barely misses you.
The gnoll zaps a wand.
The bolt of acid hits you!!
You die...

#.≈≈.##.#.W. # ≈.......##
#.≈≈.#..#!:= . .≈≈..####†#
#.≈≈.##g#####.##.≈≈..## #.#
#.....#.#8⌠8#.#..≈≈...# #.##
#....©#.'.©.+.#©.≈≈...# #...
#.....#.#P.P#.#..≈≈...# #.#.
#.≈≈.##.##.##.##.≈≈...# #.#.
#.≈≈.#©.#Pgg#..#.≈≈...# #...
#.≈≈.##.#⌠.@#.##.≈≈...#####.
#.≈≈..#.#PgP#.#..≈≈.........
##.≈≈###.##'##.###≈≈.#.#####.
#..≈≈#...........#≈≈...# ##.#
#..≈≈##.###.###.##≈≈...###.##
#..≈≈#..#8###8#..#≈≈.#.##.##
#..≈≈####.....####≈≈.#.#.##
#..≈≈≈≈≈≈≈≈≈≈≈≈≈≈≈≈≈.#.##.##
#..≈≈≈≈≈≈≈≈≈≈≈≈≈≈≈≈≈...###.##


You could see a gnoll sergeant (confused, very poisoned) and 3 gnolls.

Vanquished Creatures
  A gnoll (D:3)
  5 adders
  3 dart slugs
  3 bats (D:1)
  8 endoplasms
  2 giant cockroaches (D:1)
  2 goblins
  5 hobgoblins
  5 jackals
  11 kobolds
  3 quokkas
  3 ball pythons
  5 frilled lizards
  5 rats
61 creatures vanquished.

Vanquished Creatures (others)
  A plant (D:3)
1 creature vanquished.

Grand Total: 62 creatures vanquished

Notes
Turn   | Place    | Note
-------+----------+-------------------------------------------
     0 | D:1      | rogsnak the Gnoll Hedge Wizard began the quest for the Orb.
     0 | D:1      | Reached XP level 1. HP: 13/13 MP: 8/8
   244 | D:1      | Reached XP level 2. HP: 19/19 MP: 3/10
   937 | D:1      | Reached XP level 3. HP: 25/25 MP: 7/11
   952 | D:1      | Learned a level 2 spell: Blink
   956 | D:1      | Learned a level 3 spell: Mephitic Cloud
  1369 | D:2      | Reached skill level 1 in Invocations
  1625 | D:2      | Reached skill level 1 in Fighting
  1625 | D:2      | Reached skill level 1 in Short Blades
  1625 | D:2      | Reached skill level 1 in Long Blades
  1625 | D:2      | Reached skill level 1 in Axes
  1625 | D:2      | Reached skill level 1 in Maces & Flails
  1625 | D:2      | Reached skill level 1 in Polearms
  1625 | D:2      | Reached skill level 1 in Staves
  1625 | D:2      | Reached skill level 1 in Slings
  1625 | D:2      | Reached skill level 1 in Bows
  1625 | D:2      | Reached skill level 1 in Crossbows
  1625 | D:2      | Reached skill level 1 in Throwing
  1625 | D:2      | Reached skill level 1 in Armour
  1625 | D:2      | Reached skill level 1 in Shields
  1625 | D:2      | Reached skill level 1 in Unarmed Combat
  1625 | D:2      | Reached skill level 1 in Evocations
  1750 | D:2      | Reached XP level 4. HP: 30/32 MP: 11/13
  1942 | D:2      | Found a faded altar of an unknown god.
  1981 | D:2      | You fall into a shaft and drop 2 floors!
  1987 | D:4      | Noticed an ogre
  2421 | D:2      | Reached skill level 1 in Hexes
  2421 | D:2      | Reached skill level 1 in Necromancy
  2421 | D:2      | Reached skill level 1 in Transmutations
  2421 | D:2      | Reached skill level 1 in Fire Magic
  2421 | D:2      | Reached skill level 1 in Ice Magic
  2421 | D:2      | Reached skill level 1 in Air Magic
  2421 | D:2      | Reached skill level 1 in Earth Magic
  2421 | D:2      | Reached skill level 1 in Poison Magic
  2974 | D:3      | Identified the +2 ring mail of Bauwog {Str+6 Stlth-}
  2974 | D:3      | Noticed a gnoll sergeant
  3245 | D:3      | Found a transporter.
  3245 | D:3      | Found a transporter.
  3257 | D:3      | Noticed flotson's ghost (weakling DsDe)
  3276 | D:3      | Reached XP level 5. HP: 37/37 MP: 7/14
  3284 | D:3      | Killed from afar by a gnoll

Illustrated notes

Levels and vault maps discovered:
D:1:      minmay_arrival_cross, layout_basic
D:2:      layout_loops_corners, shapermc_ecumenical_altar_notcrosses,
          serial_park_tiny_1, minmay_randomly_rotated_circles
D:3:      layout_loops_ring, gammafunk_ghost_gnarly_gnolls
D:4:      layout_basic, chequers_temple_overflow_statue_of_worship,
          serial_shops, shop_statue, minmay_misc_feat_diagonals

Skill      XL: |  1  2  3  4 |
---------------+-------------+-----
Conjurations   | 2 |  2.3
Summonings     | 2 |  2.3
Translocations | 2 |  2.3
Invocations    | 1 |  1.5
Fighting       | 1 |  1.3
Short Blades   | 1 |  1.3
Long Blades    | 1 |  1.3
Axes           | 1 |  1.3
Maces & Flails | 1 |  1.3
Polearms       | 1 |  1.3
Staves         | 1 |  1.3
Slings         | 1 |  1.3
Bows           | 1 |  1.3
Crossbows      | 1 |  1.3
Throwing       | 1 |  1.3
Armour         | 1 |  1.3
Shields        | 1 |  1.3
Unarmed Combat | 1 |  1.3
Evocations     | 1 |  1.3
Hexes          | 1 |  1.1
Necromancy     | 1 |  1.1
Transmutations | 1 |  1.1
Fire Magic     | 1 |  1.1
Ice Magic      | 1 |  1.1
Air Magic      | 1 |  1.1
Earth Magic    | 1 |  1.1
Poison Magic   | 1 |  1.1
Dodging        | |  4.7
Stealth        | |  4.3
Spellcasting   | |  7.2

Action                   |  1- 3 |  4- 6 || total
-------------------------+-------+-------++-------
Melee: Dagger            |     4 |       ||     4
       Spear             |    11 |     2 ||    13
       Bite              |     3 |     2 ||     5
       Short sword       |    21 |    16 ||    37
 Cast: Magic Dart        |    84 |    52 ||   136
       Mephitic Cloud    |       |     2 ||     2
  Use: Potion            |       |     2 ||     2
 Stab: Sleeping          |     3 |     1 ||     4
Armor: Robe              |    10 |    10 ||    20
Dodge: Dodged            |    42 |    18 ||    60

Table legend: (Time is in decaauts)
 A = Elapsed time spent in this place.
 B = Non-inter-level travel time spent in this place.
 C = Inter-level travel time spent in this place.
 D = Time resting spent in this place.
 E = Time spent auto-exploring this place.
 F = Levels seen in this place.
 G = Mean time per level.
                   A        B        C        D        E       F      G
               +--------+--------+--------+--------+--------+-----+--------+
         Total |   3285 |   3190 |     95 |    313 |   2218 |   4 |  821.2 |
       Dungeon |   3285 |   3190 |     95 |    313 |   2218 |   4 |  821.2 |
               +--------+--------+--------+--------+--------+-----+--------+

Top non-repeatable levels by time:
     D:2: 1314 daAuts
     D:1: 1254 daAuts
     D:3: 698 daAuts
     D:4: 19 daAuts
